Map: Catallena LE (Void)

Players

Lalugi

  • Race: Zerg Zerg
  • Spawn Location: 9:00

UpATree - Winner!

  • Race: Terran Terran
  • Spawn Location: 5:00

Event: WCS Montreal 2017

VOD

Have the link to the VOD?

Description

Time

  • Played on: Sept. 8, 2017, 12:01 p.m.
  • Length: 10:38

All games in this series

Show
View Real Time Build Order
Export as new Build Order

Lalugi Zerg 

Build Orders: Hatch First 

Get SALT Encoding   

  12  0:01  Drone  
  13  0:13  Overlord  
  13  0:21  Drone  
  14  0:37  Drone  
  14  0:38  Drone x2  
  17  0:55  Hatchery  
  16  0:58  Drone  
  16  1:03  Extractor  
  16  1:06  Drone  
  17  1:18  Spawning Pool  
  16  1:21  Drone  
  17  1:26  Drone  
  17  1:32  Drone  
  19  1:44  Overlord  
  19  1:55  Drone  
  20  2:04  Metabolic Boost, Drone  
  20  2:07  Queen  
  20  2:08  Zergling x2  
  24  2:15  Zergling x2  
  25  2:18  Queen  
  27  2:24  Drone  
  28  2:39  Drone  
  28  2:40  Drone x2  
  28  2:42  Overlord  
  30  2:44  Queen  
  32  2:55  Overlord  
  32  2:56  Overlord  
  32  2:57  Drone  
  33  3:01  Drone  
  34  3:09  Drone  
  34  3:12  Drone  
  36  3:14  Queen  
  38  3:21  Drone x3  
  38  3:22  Drone  
  42  3:28  Roach Warren  
  41  3:38  Zergling x4  
  41  3:39  Zergling x4  
  41  3:49  Zergling x4  
  43  4:01  Drone  
  43  4:02  Drone x3  
  47  4:05  Drone  
  47  4:06  Drone  
  47  4:09  Drone  
  50  4:12  Drone x2, Hatchery  
  50  4:17  Drone  
  52  4:21  Drone  
  52  4:23  Drone  
  53  4:41  Zergling x6  
  53  4:43  Drone x4  
  53  4:54  Drone x2  
  55  5:03  Extractor, Lair  
  55  5:04  Drone x2  
  56  5:11  Drone  
  57  5:16  Drone  
  57  5:21  Overlord  
  58  5:22  Extractor  
  57  5:35  Drone x7  
  59  5:38  Spore Crawler  
  59  5:42  Spore Crawler  
  58  5:49  Drone x4  
  63  5:50  Drone  
  63  5:55  Evolution Chamber  
  63  5:56  Drone x2, Evolution Chamber  
  63  5:57  Drone  
  64  6:03  Queen, Drone x3  
  69  6:08  Pneumatized Carapace  
  68  6:16  Drone x3  
  68  6:17  Drone x3  
  70  6:18  Spine Crawler  
  70  6:21  Spore Crawler  
  70  6:24  Spine Crawler  
  67  6:29  Hydralisk Den, Glial Reconstitution  
  67  6:31  Drone  
  67  6:32  Drone  
  68  6:34  Drone  
  68  6:35  Drone  
  70  6:40  Drone x2  
  70  6:44  Drone x2  
  74  6:50  Overlord  
  74  6:51  Overlord  
  74  6:57  Zerg Missile Weapons Level 1  
  74  6:58  Zerg Ground Armor Level 1  
  74  7:02  Muscular Augments  
  74  7:07  Overlord x2  
  73  7:14  Roach x4  
  73  7:15  Hydralisk  
  83  7:23  Hydralisk x3  
  83  7:27  Roach x2  
  90  7:33  Roach  
  90  7:34  Roach  
  92  7:42  Roach  
  92  7:43  Roach x2  
  90  7:47  Roach  
  90  7:48  Zergling x8  
  90  7:52  Roach x2  
  92  7:59  Roach x2  
  96  8:21  Overlord  
  96  8:22  Overlord x2  
  96  8:26  Overlord  
  92  8:34  Queen  
  92  8:36  Hatchery  
  92  8:37  Hatchery  
  88  8:42  Drone x5  
  88  8:45  Drone x3  
  96  8:54  Hydralisk  
  98  9:00  Hydralisk  
  100  9:09  Roach x2  
  104  9:10  Queen  
  92  9:18  Hydralisk  
  92  9:19  Hydralisk x2  
  94  9:29  Hydralisk x3  
  94  9:30  Extractor  
  99  9:36  Infestation Pit  
  98  9:39  Hydralisk x2  
  98  9:45  Hydralisk  
  102  9:52  Spine Crawler  
  101  9:55  Hydralisk  
  100  10:02  Overlord x2  
  100  10:08  Hydralisk  
  100  10:14  Drone x5  
Show
View Real Time Build Order
Export as new Build Order

UpATree Terran - Winner!

Build Orders: Hellion Opening, Reaper Expand, Bio Tank 

Get SALT Encoding   

  12  0:00  SCV  
  13  0:13  SCV  
  14  0:18  Supply Depot  
  14  0:25  SCV  
  14  0:27  Refinery  
  15  0:40  SCV  
  16  0:45  Barracks  
  16  0:53  SCV  
  17  1:05  SCV  
  18  1:17  SCV  
  19  1:32  Reaper  
  21  1:33  Orbital Command  
  20  1:46  Command Center  
  20  1:57  Factory  
  20  2:01  SCV  
  21  2:05  Barracks Reactor  
  21  2:14  Supply Depot, SCV  
  22  2:18  Refinery  
  22  2:26  SCV  
  23  2:44  SCV  
  23  2:45  Starport  
  23  2:49  Hellion x2, Barracks Tech Lab  
  28  2:56  SCV  
  29  3:00  Orbital Command  
  29  3:08  SCV  
  30  3:17  Hellion x2  
  34  3:21  SCV, Barracks Tech Lab  
  35  3:27  SCV  
  36  3:34  Supply Depot  
  35  3:51  Raven, Hellion x2  
  35  3:52  SCV x2  
  39  3:57  Supply Depot  
  39  3:58  Marine  
  39  3:59  Stimpack  
  40  4:04  SCV  
  40  4:07  SCV  
  42  4:10  Supply Depot  
  42  4:18  Marine  
  42  4:21  Command Center  
  42  4:23  SCV  
  44  4:24  SCV  
  43  4:49  Marine  
  43  4:50  Factory Reactor  
  38  4:58  SCV x2  
  40  5:01  Barracks, Refinery  
  40  5:02  Refinery  
  40  5:04  Barracks, Engineering Bay  
  40  5:06  Marine, Engineering Bay  
  41  5:09  Starport Reactor  
  41  5:10  SCV  
  41  5:14  SCV  
  43  5:16  Bunker  
  43  5:22  SCV  
  43  5:24  Marine  
  43  5:26  SCV  
  46  5:32  Orbital Command  
  46  5:34  SCV  
  47  5:36  Siege Tank  
  47  5:39  Terran Infantry Weapons Level 1  
  50  5:46  SCV  
  51  5:51  Marine x3, Barracks Reactor  
  51  5:54  SCV  
  55  6:00  SCV  
  55  6:01  Terran Infantry Armor Level 1  
  56  6:10  Siege Tank  
  59  6:13  Marine x2  
  59  6:15  Combat Shields, SCV  
  59  6:16  Marine  
  59  6:18  SCV  
  64  6:26  Orbital Command, Bunker  
  64  6:27  SCV  
  64  6:31  Marine x4  
  64  6:32  Armory, SCV  
  70  6:35  Medivac  
  70  6:36  Medivac  
  70  6:39  SCV  
  75  6:43  Siege Tank  
  75  6:44  SCV  
  75  6:45  Orbital Command  
  78  6:54  Marine x4  
  78  6:55  SCV  
  83  7:02  Supply Depot x2  
  83  7:03  Marine  
  83  7:06  Supply Depot  
  83  7:07  Supply Depot  
  83  7:08  SCV  
  85  7:23  Bunker, Marine x5  
  85  7:24  SCV  
  85  7:25  Supply Depot  
  85  7:26  Supply Depot  
  85  7:29  SCV  
  92  7:30  SCV  
  93  7:44  Marine x4  
  91  7:45  Siege Tank, Medivac  
  100  7:55  Marine  
  100  7:56  Factory  
  101  7:58  SCV  
  101  7:59  SCV  
  101  8:01  Marine  
  103  8:05  SCV  
  103  8:08  Supply Depot x2  
  104  8:13  Marine x3  
  104  8:17  Siege Tank  
  110  8:22  SCV  
  110  8:23  Barracks  
  111  8:40  Marine  
  111  8:41  Marine x3  
  101  8:42  Marine  
  101  8:43  Factory Tech Lab  
  101  8:47  SCV  
  104  8:48  Barracks  
  104  8:49  Siege Tank, Medivac  
  104  8:50  Medivac, SCV  
  104  8:52  SCV  
  113  9:02  Marine x2  
  115  9:05  SCV x2  
  115  9:08  Refinery  
  117  9:10  Refinery  
  117  9:13  Marine x3  
  117  9:14  Marine  
  116  9:18  Marine  
  116  9:19  Siege Tank, Marine x2  
  116  9:20  SCV  
  120  9:24  Barracks  
  120  9:26  Barracks x2  
  120  9:30  Siege Tank  
  120  9:31  Marine x4, SCV  
  123  9:36  Marine  
  129  9:41  Marine  
  129  9:42  SCV  
  131  9:50  Marine x2  
  131  9:51  Siege Tank, Marine  
  131  9:52  Medivac x2  
  141  9:53  SCV  
  141  9:55  Barracks Reactor  
  141  9:56  SCV x2  
  144  10:02  Marine  
  144  10:05  SCV  
  144  10:07  Supply Depot  
  146  10:08  Supply Depot  
  146  10:09  Supply Depot  
  146  10:10  Marine x2  
  148  10:16  Barracks Tech Lab x3  
  148  10:20  Marine x2  
Tags
 
Add a new tag
Caveats
  • Supply blocks, unpowered buildings, or Contaminate may cause inaccurate times.
  • Supply counts are checked every 10 seconds.